 Dungeon Crawl Stone Soup version 0.22-a0-293-gc9362ec (webtiles) character file.

38 inmateoo the Cudgeler (level 3, -3/29 HPs)
             Began as a Mummy Monk on Mar 24, 2018.
             Slain by an adder (5 damage)
             ... on level 2 of the Dungeon.
             The game lasted 00:01:28 (1318 turns).

inmateoo the Cudgeler (Mummy Monk)                  Turns: 1318, Time: 00:01:29

Health: -3/29      AC:  3    Str: 15    XL:     3   Next: 25%
Magic:  3/3        EV: 13    Int:  9    God:
Gold:   40         SH:  0    Dex: 14    Spells: 2/2 levels left

rFire    x . .     SeeInvis .   b - +0 short sword (vamp)
rCold    + . .     Gourm    .   (no shield)
rNeg     + + +     Faith    .   e - +0 robe
rPois    ∞         Spirit   .   (no helmet)
rElec    .         Reflect  .   (no cloak)
rCorr    .         Harm     .   c - +0 pair of gloves
MR       .....                  (no boots)
Stlth    +.........             (no amulet)
HPRegen  0.09/turn              g - ring of loudness (curse)
MPRegen  0.08/turn              (no ring)

@: no status effects
A: no food or potions, fire vulnerability, cold resistance 1, negative energy
resistance 3, torment resistance, unbreathing
a: no special abilities


You were on level 2 of the Dungeon.
You were not hungry.

You visited 1 branch of the dungeon, and saw 2 of its levels.

You collected 40 gold pieces.

Inventory:

Hand Weapons
 a - a +0 mace
 b - a +0 vampiric short sword (weapon)
Armour
 c - a +0 pair of gloves (worn)
 e - a +0 robe (worn)
Jewellery
 g - a cursed ring of loudness (left hand)
Scrolls
 d - a scroll of teleportation
 h - a scroll of identify


   Skills:
 - Level 3.0 Fighting
 + Level 3.6 Maces & Flails
 - Level 2.4 Dodging
 - Level 1.5 Stealth


You had 2 spell levels left.
You didn't know any spells.

Dungeon Overview and Level Annotations

Branches:
Dungeon (2/15)

Altars:


Innate Abilities, Weirdness & Mutations

You do not eat or drink.
Your flesh is vulnerable to fire.
You are immune to poison.
Your flesh is cold resistant. (rC+)
You are immune to negative energy. (rN+++)
You are immune to unholy pain and torment.
You can survive without breathing.


Message History

The adder bites you but does no damage. The adder closely misses you.
You barely miss the adder.
The adder is almost dead.
The adder bites you.
* * * LOW HITPOINT WARNING * * *
You hit the adder.
You feel better.
You kill the adder!
The adder closely misses you.
You closely miss the adder. The adder misses you.
You barely miss the adder. The adder bites you.
* * * LOW HITPOINT WARNING * * *
The adder closely misses you.
You hit the adder.
You feel better.
The adder is lightly wounded.
The adder bites you.
* * * LOW HITPOINT WARNING * * *
You completely miss the adder.
The adder is lightly wounded.
The adder completely misses you. The adder bites you.
You die...

#### #########..#
##......#..g#
#.........#S#
.##...........#@#
..............#.#
#............#.# #g#
###..........†g#.#....#
..............(......#
#..#........(...#...#
#..#............... #
#.........<.$#...###
##................#


You could see an adder and a goblin.

Vanquished Creatures
  2 adders
  A giant cockroach (D:1)
  4 kobolds (D:1)
  5 bats
  A frilled lizard (D:1)
  4 goblins
  6 rats
23 creatures vanquished.

Notes
Turn   | Place    | Note
-------+----------+-------------------------------------------
     0 | D:1      | inmateoo the Mummy Monk began the quest for the Orb.
     0 | D:1      | Reached XP level 1. HP: 18/18 MP: 1/1
     2 | D:1      | Noticed a troll
     2 | D:1      | Noticed a human
     4 | D:1      | Noticed an octopode
     4 | D:1      | Noticed a merfolk
     6 | D:1      | Noticed a dwarf
     8 | D:1      | Noticed a demigod
     8 | D:1      | Noticed a draconian
    10 | D:1      | Noticed a halfling
    12 | D:1      | Noticed an ogre
    12 | D:1      | Noticed a vine stalker
    14 | D:1      | Noticed a felid
    14 | D:1      | Noticed an elf
    16 | D:1      | Noticed a vampire
    16 | D:1      | Noticed a formicid
    18 | D:1      | Noticed a spriggan
    20 | D:1      | Noticed a tengu
    22 | D:1      | Noticed a gargoyle
    22 | D:1      | Noticed a naga
    24 | D:1      | Noticed a ghoul
    24 | D:1      | Noticed a minotaur
    26 | D:1      | Noticed a demonspawn
    26 | D:1      | Noticed a centaur
   404 | D:1      | Reached XP level 2. HP: 10/24 MP: 2/2
  1277 | D:2      | Reached XP level 3. HP: 29/29 MP: 3/3
  1318 | D:2      | Slain by an adder

Vault maps used:
D:1:      kb_arrival_jail, minmay_tetromino_o4
D:2:      chequers_ecumenical_altar_simple

Skill      XL: |  1 |
---------------+----+-----
Maces & Flails | 3 |  3.6
Fighting       | |  3.0
Dodging        | |  2.4
Stealth        | |  1.5

Action                   || total
-------------------------++-------
Melee: Mace              ||    72
       Short sword       ||    30
  Use: Scroll            ||     4
 Stab: Sleeping          ||     5
Armor: Robe              ||    29
Dodge: Dodged            ||    94

Table legend:
 A = Spawn XP
 B = Non-spawn XP
 C = Spawn XP percentage of total XP
 D = Spawn monster count
 E = Non-spawn monster count
 F = Spawn count percentage of total count
 G = Total turns spent on level
                    A         B        C        D         E        F      G
               +---------+---------+-------+---------+---------+-------+---------
         Total |       0 |      55 |   0.0 |       0 |      23 |   0.0 |  1318
               +---------+---------+-------+---------+---------+-------+---------
           D:1 |       0 |      36 |   0.0 |       0 |      18 |   0.0 |  1227
           D:2 |       0 |      19 |   0.0 |       0 |       5 |   0.0 |    91
               +---------+---------+-------+---------+---------+-------+---------
